Map: 포트 알렉산더 - 래더

Players

GuMiho

  • Race: Terran Terran
  • League: Grandmaster
  • Spawn Location: 5:00

aLive - Winner!

  • Race: Terran Terran
  • League: Grandmaster
  • Spawn Location: 11:00

Event: IEM Season 13 - Katowice Server Qualifiers Asia 2

VOD

Have the link to the VOD?

Description

Time

  • Played on: Jan. 22, 2019, 4:19 a.m.
  • Length: 14:22

All games in this series

Show
View Real Time Build Order
Export as new Build Order

GuMiho Terran 

Build Orders:  

Get SALT Encoding   

  12  0:00  SCV  
  13  0:12  SCV  
  14  0:18  Supply Depot  
  14  0:24  SCV  
  15  0:29  Refinery  
  15  0:39  SCV  
  16  0:45  Barracks  
  16  0:51  SCV  
  16  0:56  Refinery  
  17  1:03  SCV  
  18  1:15  SCV  
  19  1:28  SCV  
  19  1:32  Reaper  
  21  1:35  Factory  
  21  1:40  Orbital Command  
  21  1:48  Supply Depot  
  21  2:05  Reaper  
  21  2:06  SCV  
  23  2:18  SCV  
  23  2:19  Hellion  
  26  2:27  Command Center  
  26  2:33  SCV  
  27  2:38  Reaper, Supply Depot  
  30  2:44  Hellion  
  30  2:52  Starport  
  30  2:54  SCV  
  33  3:05  Hellion  
  33  3:06  SCV  
  33  3:12  Barracks Reactor  
  34  3:18  SCV  
  35  3:28  Factory Tech Lab  
  35  3:29  Viking  
  35  3:30  SCV  
  38  3:38  Refinery  
  38  3:39  Orbital Command  
  38  3:42  SCV  
  38  3:45  Supply Depot  
  39  3:54  Cyclone  
  39  3:55  SCV  
  43  3:58  Marine  
  43  4:00  Marine  
  45  4:05  Starport Tech Lab  
  45  4:06  SCV  
  45  4:07  SCV  
  47  4:18  SCV  
  47  4:19  SCV  
  47  4:20  Marine x2  
  51  4:24  Raven  
  51  4:29  Siege Tank  
  51  4:30  SCV  
  51  4:31  SCV  
  58  4:34  Supply Depot  
  58  4:38  Marine x2  
  58  4:42  SCV  
  58  4:43  SCV  
  62  4:55  SCV x2  
  64  5:01  Siege Tank, Supply Depot  
  64  5:03  Marine x2  
  69  5:07  SCV  
  69  5:12  SCV  
  67  5:24  Raven  
  67  5:25  Marine x2  
  67  5:26  SCV x2  
  65  5:29  Command Center  
  65  5:34  Refinery  
  68  5:35  Siege Tank  
  68  5:39  SCV x2  
  69  5:42  Marine x2  
  71  5:51  SCV x2  
  73  6:02  Barracks x2  
  73  6:03  SCV x2  
  77  6:11  Siege Tank  
  78  6:16  Supply Depot  
  78  6:18  Viking x2, SCV x2  
  78  6:19  Bunker  
  84  6:30  Engineering Bay  
  84  6:31  Engineering Bay  
  84  6:33  SCV x2  
  86  6:43  Supply Depot  
  86  6:45  SCV x2, Siege Tank  
  91  6:49  Viking  
  91  6:53  Viking  
  95  6:55  Barracks Reactor x2  
  90  7:01  Orbital Command  
  84  7:15  SCV x2  
  86  7:31  Terran Infantry Weapons Level 1  
  86  7:35  Missile Turret  
  85  7:40  Missile Turret  
  85  7:46  Supply Depot  
  85  7:48  Marine  
  85  7:51  SCV  
  85  7:54  SCV  
  85  8:01  SCV  
  85  8:08  Marine x4, Siege Tank  
  85  8:10  SCV  
  85  8:11  SCV  
  92  8:13  SCV  
  92  8:14  Liberator x2  
  92  8:17  Engineering Bay  
  92  8:18  Missile Turret  
  93  8:24  Barracks Tech Lab  
  93  8:25  Marine  
  93  8:26  Barracks  
  93  8:27  Barracks  
  93  8:30  Supply Depot  
  93  8:31  Marine x3  
  93  8:32  SCV x2  
  104  8:35  SCV  
  105  8:41  Sensor Tower  
  105  8:42  Marine  
  105  8:43  Marine  
  105  8:44  SCV  
  105  8:46  SCV  
  109  8:49  Refinery  
  109  8:52  Marine x2, SCV  
  109  8:55  Marine  
  112  8:56  Supply Depot  
  112  8:57  Supply Depot  
  107  9:04  SCV x3  
  104  9:16  SCV x3  
  104  9:28  SCV x3  
  100  9:35  Barracks Tech Lab, Barracks Reactor, Stimpack  
  100  9:40  SCV x3  
  100  9:43  Refinery x2  
  103  9:51  Supply Depot  
  103  9:52  SCV x2  
  105  9:56  Marine x4  
  105  9:57  Marine x2  
  105  9:58  Combat Shield  
  105  9:59  SCV  
  112  10:04  SCV x2  
  114  10:08  Armory  
  114  10:10  Supply Depot  
  114  10:11  Marine x2, Supply Depot x2  
  114  10:12  SCV  
  117  10:14  Marine x2  
  117  10:17  Siege Tank  
  117  10:21  SCV  
  123  10:24  Command Center, SCV x2  
  125  10:30  Marine x3  
  125  10:31  Marine x3  
  125  10:33  Factory, SCV  
  132  10:40  Medivac x2  
  136  10:48  Marine x4  
  136  10:49  Marine x2  
  142  10:50  Marine x2  
  142  10:51  Siege Tank  
  147  11:05  Marine  
  147  11:06  Marine x3  
  147  11:07  Marine x3  
  147  11:10  Medivac x2  
  158  11:21  Starport  
  158  11:23  Marine x2, Terran Infantry Weapons Level 2, Terran Infantry Armor Level 1  
  158  11:24  Marine, Barracks Reactor  
  159  11:27  Supply Depot x2  
  159  11:28  Marine  
  159  11:29  Marine x3  
  163  11:35  Terran Vehicle And Ship Armor Level 1  
  163  11:41  Marine x3  
  163  11:42  Supply Depot  
  163  11:43  Supply Depot  
  163  11:46  Marine  
  163  11:47  Marine x3  
  167  11:59  Marine x3  
  170  12:04  Marine x2  
  170  12:05  Marine x2, Liberator x2  
  170  12:06  Planetary Fortress  
  171  12:09  Marine  
  171  12:10  Marine  
  170  12:17  Marine x3  
  170  12:22  Marine x2  
  176  12:23  Marine x2  
  176  12:27  Marine  
  177  12:31  Marine  
  177  12:35  Marine x3  
  176  12:40  Marine x3  
  176  12:41  Marine, Siege Tank  
  173  12:45  Marine  
  173  12:49  Marine  
  163  12:52  Marine x2  
  163  12:53  Marine  
  163  12:58  Marine x4  
  153  13:03  Marine  
  145  13:07  Marine  
  145  13:10  Marine x2  
  145  13:11  Marine  
  146  13:13  Siege Tank  
  146  13:15  Marine  
  146  13:16  Marine x3, Viking  
  146  13:17  Viking x2  
  156  13:21  Marine  
  156  13:24  Marine  
  158  13:28  Marine x3  
  158  13:33  Marine x2  
  163  13:34  Marine x2  
  163  13:38  Marine  
  166  13:42  Marine  
  166  13:45  Siege Tank  
  166  13:46  Marine x2  
  172  13:51  Orbital Command  
  172  13:52  Marine x2  
  172  13:53  Marine x2  
  172  13:54  Marine  
  176  13:56  Marine  
  176  14:00  Marine  
  178  14:04  Marine x2  
Show
View Real Time Build Order
Export as new Build Order

aLive Terran - Winner!

Build Orders:  

Get SALT Encoding   

  12  0:00  SCV  
  13  0:12  SCV  
  14  0:18  Supply Depot  
  14  0:24  SCV  
  15  0:29  Refinery  
  15  0:39  SCV  
  16  0:45  Barracks  
  16  0:51  SCV  
  16  0:56  Refinery  
  17  1:03  SCV  
  18  1:16  SCV  
  19  1:33  Orbital Command  
  19  1:34  Factory  
  19  1:37  Reaper  
  20  1:48  Supply Depot  
  20  1:59  SCV  
  21  2:10  Reaper  
  21  2:11  SCV  
  23  2:18  Hellion  
  25  2:23  SCV  
  26  2:35  Command Center, SCV  
  27  2:41  Factory Tech Lab  
  27  2:42  Barracks Reactor  
  27  2:47  Starport  
  27  2:48  SCV  
  28  2:54  Supply Depot  
  28  3:02  Cyclone  
  31  3:15  SCV  
  31  3:19  Marine x2  
  33  3:24  Starport Tech Lab  
  34  3:27  SCV  
  34  3:31  Refinery  
  35  3:39  Marine x2  
  35  3:40  SCV  
  38  3:46  Raven, Orbital Command  
  40  3:52  SCV  
  41  3:57  Marine x2  
  43  4:04  Siege Tank  
  43  4:05  SCV  
  47  4:11  Supply Depot  
  47  4:13  SCV  
  48  4:17  Marine x2  
  48  4:18  SCV  
  51  4:28  SCV  
  51  4:30  SCV  
  53  4:34  Barracks  
  53  4:37  Starport Reactor  
  53  4:38  Barracks  
  53  4:42  SCV  
  53  4:43  SCV  
  53  4:45  Supply Depot  
  55  4:47  Stimpack  
  55  4:54  SCV  
  55  4:55  SCV  
  55  4:56  Engineering Bay  
  57  5:04  Marine  
  57  5:06  Siege Tank  
  61  5:07  SCV x2  
  61  5:15  Supply Depot  
  58  5:24  SCV x2  
  59  5:30  Terran Infantry Weapons Level 1  
  59  5:34  Marine x3  
  62  5:36  SCV x2  
  62  5:37  Starport Reactor  
  64  5:45  Barracks Reactor  
  64  5:46  Medivac  
  64  5:47  Medivac  
  64  5:48  SCV x2  
  70  5:51  Siege Tank  
  70  5:56  Supply Depot  
  73  5:58  Refinery  
  73  5:59  Supply Depot  
  73  6:00  SCV x2  
  75  6:06  Marine x2  
  75  6:07  Marine  
  78  6:18  SCV x2  
  80  6:19  Medivac  
  80  6:20  Medivac  
  80  6:24  Marine x3  
  87  6:28  Marine  
  89  6:33  Command Center  
  89  6:37  Supply Depot  
  89  6:39  Supply Depot  
  89  6:42  Marine  
  89  6:47  Combat Shield  
  89  6:51  Barracks x2  
  89  6:52  SCV  
  89  6:53  SCV  
  90  7:12  Marine  
  90  7:13  Marine x4  
  87  7:22  Siege Tank, Medivac x2  
  87  7:30  Marine  
  87  7:32  SCV x2  
  87  7:33  Terran Infantry Armor Level 1  
  86  7:39  Marine, Barracks Reactor x2, Supply Depot  
  86  7:40  Marine x3  
  90  7:44  SCV x2  
  92  7:53  Marine  
  92  7:56  SCV x2, Orbital Command  
  92  7:57  Marine  
  92  7:58  Marine x3  
  93  8:11  Marine  
  93  8:12  Siege Tank, Medivac x2  
  88  8:15  Marine x4  
  88  8:16  Marine x4  
  88  8:17  SCV x2  
  98  8:22  SCV, Engineering Bay  
  98  8:23  Armory  
  98  8:25  Supply Depot  
  99  8:30  SCV  
  99  8:31  SCV  
  101  8:34  SCV  
  101  8:37  Marine  
  101  8:38  Marine x7  
  101  8:39  Marine  
  111  8:48  Siege Tank  
  114  8:50  SCV x3  
  107  9:11  Marine x6  
  107  9:12  Marine x2  
  107  9:13  Medivac x2  
  107  9:14  Terran Infantry Weapons Level 2  
  107  9:15  Terran Vehicle Weapons Level 1  
  112  9:18  Refinery x2  
  112  9:19  Factory  
  95  9:31  Marine  
  95  9:32  Marine x8  
  95  9:33  Siege Tank  
  106  9:44  Terran Infantry Armor Level 2  
  106  9:49  Missile Turret  
  106  9:50  Missile Turret  
  106  9:51  Marine x4  
  106  9:52  Marine x5  
  115  9:54  Command Center  
  115  9:55  Missile Turret, Medivac x2  
  115  9:59  Missile Turret  
  119  10:07  Factory Tech Lab  
  119  10:13  SCV x3, Starport  
  122  10:15  Starport  
  122  10:19  Siege Tank, Supply Depot x2  
  125  10:26  Siege Tank  
  125  10:27  Viking x2  
  132  10:31  SCV x3  
  135  10:43  Refinery, SCV x3  
  135  10:44  Refinery  
  138  10:50  Supply Depot  
  138  10:51  Supply Depot  
  138  10:56  Starport Reactor, Starport Tech Lab  
  138  10:57  Siege Tank  
  138  11:01  Marine x7  
  148  11:05  Viking x2, Siege Tank  
  148  11:10  Planetary Fortress  
  154  11:17  SCV x3  
  155  11:24  Missile Turret  
  154  11:27  Raven  
  154  11:28  Terran Vehicle Weapons Level 2  
  156  11:41  Sensor Tower  
  156  11:44  Command Center  
  156  11:46  Viking x3  
  162  11:48  Viking  
  162  11:52  Sensor Tower  
  164  11:55  Marine x7  
  164  11:59  Marine x2  
  173  12:04  Missile Turret  
  169  12:17  Marine  
  169  12:18  Marine x8  
  169  12:19  Siege Tank  
  174  12:31  Liberator x2  
  168  12:37  Marine x2  
  168  12:38  Marine x6  
  157  12:47  Siege Tank  
  157  12:49  Viking x2, Raven  
  157  12:51  Siege Tank  
  164  13:00  Planetary Fortress  
  162  13:08  Marine x3  
  162  13:09  Marine x6  
  156  13:19  Siege Tank  
  159  13:22  Viking x2  
  159  13:23  Siege Tank  
  166  13:31  Marine  
  166  13:32  Marine x3  
  166  13:34  Marine x2  
  171  13:35  Marine  
  171  13:36  Marine  
  183  14:03  Marine  
  183  14:04  Marine x8  

Tags
 
Add a new tag
Caveats
  • Supply blocks, unpowered buildings, or Contaminate may cause inaccurate times.
  • Supply counts are checked every 10 seconds.